 Dungeon Crawl Stone Soup version 0.27.1-16-g815e20cd7a (webtiles) character file.

Game seed: 6109949852550143966

19986 bellerephron the Cleaver (level 12, -14/94 HPs)
             Began as a Demonspawn Berserker on Nov 22, 2021.
             Was an Elder of Trog.
             Demolished by a death yak (15 damage)
             ... on level 1 of the Lair of Beasts.
             The game lasted 00:35:08 (11726 turns).

bellerephron the Cleaver (Demonspawn Berserker)    Turns: 11726, Time: 00:35:10

Health: -14/94     AC: 29    Str: 26    XL:     12   Next: 41%
Magic:  9/12       EV:  9    Int: 17    God:    Trog [****..]
Gold:   306        SH: 11    Dex: 21    Spells: 11/11 levels left

rFire    + . .     SeeInvis +   b - +2 whip (elec)
rCold    x . .     Faith    .   d - +0 buckler
rNeg     + + +     Spirit   .   k - +5 plate armour of Repulsion {rN+ Str+4 SInv}
rPois    .         Reflect  +   (helmet unavailable)
rElec    +         Harm     .   O - +2 cloak {rCorr}
rCorr    +         Rampage  .   (no gloves)
Will     +++..     Rnd*Tele +   s - +0 pair of boots
Stlth    ..........             F - amulet of reflection
HPRegen  0.00/turn              H - +6 ring of dexterity
MPRegen  0.13/turn              f - ring "Lixt" {rElec rC- rN++ Will+++ Int+6}

@: sanguine armoured, on berserk cooldown, inhibited regen, slowed, very slow
A: antennae 3, powered by death 2, spiny 2, sanguine armour 1, agile 1, clever
1, fire resistance 1, inhibited regeneration, teleportitis 1, evolution 1,
MP-powered wands
a: Renounce Religion, Berserk, Trog's Hand, Brothers in Arms


You were on level 1 of the Lair of Beasts.
You worshipped Trog.
Trog was greatly pleased with you.
You visited 3 branches of the dungeon, and saw 13 of its levels.
You also visited: Ossuary and Gauntlet.

You collected 606 gold pieces.
You spent 300 gold pieces at shops.

Inventory:

Hand Weapons
 a - a +0 hand axe
 b - a +2 whip of electrocution (weapon)
 m - a +1 whip of venom
 G - a +3 dagger of chaos
 Q - a +1 dagger of electrocution
Missiles
 e - 385 stones
 q - 30 poisoned darts
 r - 12 boomerangs
 C - 14 javelins (quivered)
Armour
 d - a +0 buckler (worn)
 k - the +5 plate armour of Repulsion (worn) {rN+ Str+4 SInv}
   (You found it on level 5 of the Dungeon)

   Str:       It affects your strength (+4).
   rN:        It protects you from negative energy.
   SInv:      It lets you see invisible.
 s - a +0 pair of boots (worn)
 B - a +0 kite shield
 D - a +1 plate armour of poison resistance
 O - a +2 cloak of preservation (worn)
Jewellery
 f - the ring "Lixt" (right hand) {rElec rC- rN++ Will+++ Int+6}
   (You acquired it on level 9 of the Dungeon)

   [ring of intelligence]

   Int:       It affects your intelligence (+6).
   rC:        It makes you vulnerable to cold.
   rElec:     It insulates you from electricity.
   rN:        It greatly protects you from negative energy.
   Will:      It greatly increases your willpower.
 o - a ring of ice
 F - an amulet of reflection (around neck)
 H - a +6 ring of dexterity (left hand)
 I - an amulet of the acrobat
 N - the ring "Nayj" {Fire Contam rElec Dex+10 SInv}
   (You found it in a Gauntlet)

   [ring of fire]

   It enhances your fire magic.
   Dex:       It affects your dexterity (+10).
   rF:        It protects you from fire.
   rC:        It makes you vulnerable to cold.
   rElec:     It insulates you from electricity.
   SInv:      It lets you see invisible.
   Contam:    It causes magical contamination when unequipped.
 P - an amulet of faith
 S - a ring of protection from fire
Wands
 i - a wand of iceblast (14)
 l - a wand of polymorph (20)
 E - a wand of flame (40)
 W - a wand of acid (14)
Scrolls
 c - 2 scrolls of magic mapping
 h - 3 scrolls of enchant armour
 j - a scroll of blinking
 n - 3 scrolls of vulnerability
 u - a scroll of brand weapon {unknown}
 x - 2 scrolls of summoning
 y - 3 scrolls of teleportation
 J - 3 scrolls of fear
 T - a scroll of immolation {unknown}
Potions
 g - 2 potions of resistance
 p - 2 potions of might
 t - 2 potions of brilliance {unknown}
 w - a potion of lignification
 z - 4 potions of ambrosia
 A - 3 potions of curing
 K - a potion of haste
 L - 2 potions of cancellation
 M - a potion of berserk rage {unknown}
 R - a potion of flight
 U - a potion of attraction {unknown}
 V - a potion of degeneration {unknown}


   Skills:
 + Level 8.5 Fighting
 + Level 9.8(10.9) Axes
 + Level 7.6(9.8) Maces & Flails
 + Level 3.7 Throwing
 + Level 8.9 Armour
 + Level 2.9 Dodging
 - Level 4.0 Shields
 * Level 8.1 Evocations


You had 11 spell levels left.
You didn't know any spells.
Your spell library contained the following spells:

 Spells                   Type           Power      Damage    Failure   Level
 Animate Skeleton         Necr           0%         N/A       94%         1
 Apportation              Tloc           0%         N/A       94%         1
 Corona                   Hex            0%         N/A       94%         1
 Summon Small Mammal      Summ           0%         N/A       94%         1
 Animate Armour           Summ/Erth      0%         N/A       100%        4
 Blade Hands              Tmut           0%         N/A       100%        5
 Iron Shot                Conj/Erth      0%         9d1       100%        6


Dungeon Overview and Level Annotations

Branches:
Dungeon (11/15)            Temple (1/1) D:5            Lair (1/6) D:8
    Orc (0/2) D:11        Ossuary (visited)         Gauntlet (visited)

Altars:
Ashenzari
Cheibriados
Dithmenos
Elyvilon
Fedhas
Gozag
Hepliaklqana
Kikubaaqudgha
Makhleb
Nemelex Xobeh
Okawaru
Qazlal
Ru
Sif Muna
Trog
Uskayaw
Vehumet
Wu Jian
Xom
Yredelemnul
Zin
The Shining One

Shops:
D:3 =   D:7 [

Portals:
Trove: D:10 (give 8 potions of haste)

Annotations:
D:4 2 transporters, styxcanada's ghost, amateur SpBr


Innate Abilities, Weirdness & Mutations

You have a pair of large antennae on your head. (SInv)
You regenerate health from kills.
You are mostly covered in sharp spines.
When seriously injured, your bleeding wounds create armour. (AC +6)
You are agile. (Dex +2)
Your mind is acute. (Int +2)
Your flesh is heat resistant. (rF+)
You do not regenerate when monsters are visible.
You are occasionally teleported next to monsters.
You evolve.
You expend magic power (3 MP) to strengthen your wands.


Message History

Trog accepts your kill.
The death yak gores you but does no damage.
The death yak gores you!!
* * * LOW HITPOINT WARNING * * *
You see here a death yak corpse.
Unknown command.
Unknown command.
You hit the death yak.
The death yak is lightly wounded.
The death yak is struck by your spines. The death yak gores you.
* * * LOW HITPOINT WARNING * * *
You hit the death yak but do no damage.
The death yak is lightly wounded.
You hit the death yak.
The death yak is lightly wounded.
The death yak gores you but does no damage.
Your plate armour of Repulsion prevents you from hitting the death yak.
The death yak is lightly wounded.
The death yak gores you!
* * * LOW HITPOINT WARNING * * *
You feel a genetic drift.
Your regeneration stops near monsters.
Unknown command.
You feel better. The death yak closely misses you.
The death yak gores you but does no damage.
Aiming: Corrosive Bolt
Press: ? - help, Shift-Dir - straight line, f - death yak
Aim: a death yak (lightly wounded, 92% to hit)
You feel a surge of power!
The bolt of acid hits the death yak!
The death yak is splashed with acid.
The acid corrodes the death yak!
The death yak is moderately wounded.
The death yak gores you.
* * * LOW HITPOINT WARNING * * *
Unknown command.
Unknown command.
You feel better. The death yak is struck by your spines.
The death yak gores you!
* * * LOW HITPOINT WARNING * * *
The death yak gores you!
You die...

#..........# #...........###
.........# ....#....†....#
#........## ..##..8.###...#
#........P# .# ##...####..###
#.........# .###.....#
#....###...[....# 8##...>..#
#8.>###P........#
.##......###...###.........#
.####...# #...##@Y.........##
..###.8.###...#.#.#.........#
...#.....#...#..##.........##
#...........###.###........#
##.........## #.P##........#
..#.......## #.###........#
...##...### #.# #........#
....#.8..# #.####...P.###
....#+#.## #..####..####


You could see a death yak (corroded).

Vanquished Creatures
  A minotaur (Gauntlet)
  Josephine (D:10)
  A hydra (Lair:1)
  A centaur warrior (D:11)
  3 two-headed ogres
  4 death yaks (Lair:1)
  Pikel (D:8)
  A necromancer (Gauntlet)
  A cyclops (D:9)
  Maurice (D:11)
  A gargoyle (D:10)
  An unseen horror (D:11)
  A komodo dragon (shapeshifter) (D:10)
  Psyche (D:8)
  Prince Ribbit (D:8)
  2 trolls
  4 slime creatures (D:11)
  7 yaks (D:11)
  10 shadows (Gauntlet)
  3 wraiths (D:10)
  3 vampire mosquitoes (D:10)
  A basilisk (Lair:1)
  6 water moccasins
  An ice beast (D:6)
  2 orc warriors
  A black bear (D:6)
  4 sky beasts
  A necrophage (D:8)
  An ogre (D:7)
  A phantom (D:4)
  4 wolves (Gauntlet)
  2 lemures (D:8)
  4 kobold brigands
  A gnoll sergeant (D:8)
  4 bullfrogs
  2 wyvern zombies
  A water moccasin skeleton (D:7)
  10 killer bees
  5 howler monkeys
  An electric eel (Lair:1)
  2 bullfrog zombies
  4 centaur zombies
  4 jellies
  A human zombie (Ossuary)
  4 orc priests
  A bullfrog skeleton (D:5)
  3 hounds
  A centaur skeleton (D:5)
  6 orc wizards
  A hound zombie (D:5)
  A hound skeleton (D:3)
  2 mummies (Ossuary)
  A howler monkey zombie (D:9)
  4 gnolls (D:8)
  11 adders
  A white imp (D:8)
  3 adder zombies (Ossuary)
  3 worms (D:2)
  A dart slug (D:1)
  20 orcs
  8 ball pythons
  7 bats
  5 endoplasms
  3 giant cockroaches
  9 hobgoblins
  2 quokkas (D:2)
  3 frilled lizards
  3 goblins
  A goblin zombie (Ossuary)
  9 hobgoblin zombies (Ossuary)
  2 jackal zombies (Ossuary)
  23 kobolds
  7 kobold zombies (Ossuary)
  9 orc zombies (Ossuary)
  4 rats
  2 rat zombies (Ossuary)
272 creatures vanquished.

Vanquished Creatures (collateral kills)
  2 wraiths (D:10)
2 creatures vanquished.

Vanquished Creatures (others)
  An orc (D:4)
1 creature vanquished.

Grand Total: 275 creatures vanquished

Notes
Turn   | Place    | Note
-------+----------+-------------------------------------------
     0 | D:1      | bellerephron the Demonspawn Berserker began the quest for
                  | the Orb.
     0 | D:1      | Reached XP level 1. HP: 18/18 MP: 1/1
   684 | D:1      | Gained mutation: You have a pair of small antennae on your
                  | head. [demonic ancestry]
   684 | D:1      | Reached XP level 2. HP: 24/24 MP: 2/2
   930 | D:1      | Found a faded altar of an unknown god.
   978 | D:1      | Reached skill level 3 in Axes
  1431 | D:2      | Reached XP level 3. HP: 29/29 MP: 3/3
  2055 | D:3      | Reached ** piety under Trog
  2064 | D:3      | Gained mutation: You regenerate a little health from kills.
                  | [demonic ancestry]
  2064 | D:3      | Reached XP level 4. HP: 35/35 MP: 4/4
  2537 | D:3      | Reached skill level 4 in Axes
  2545 | D:3      | Found Micampikh's Jewellery Emporium.
  2578 | D:3      | Reached XP level 5. HP: 42/42 MP: 5/5
  2583 | D:3      | Reached skill level 1 in Evocations
  3023 | D:4      | Found a shimmering altar of Xom.
  3215 | D:4      | Noticed styxcanada's ghost (amateur SpBr)
  3216 | D:4      | Found a transporter.
  3216 | D:4      | Noticed an ogre
  3220 | D:4      | Noticed an ogre
  3226 | D:4      | Found a transporter.
  3304 | D:4      | Noticed a phantom
  3335 | D:4      | Killed a phantom
  3336 | D:4      | Gained mutation: When seriously injured, your bleeding
                  | wounds create armour. (AC +6) [demonic ancestry]
  3336 | D:4      | Reached XP level 6. HP: 21/48 MP: 6/6
  3683 | D:5      | Entered Level 5 of the Dungeon
  3683 | D:5      | Found a staircase to the Ecumenical Temple.
  3699 | D:5      | Reached skill level 5 in Axes
  3699 | D:5      | Reached skill level 1 in Shields
  3702 | D:5      | Noticed a water moccasin
  3702 | D:5      | Noticed a water moccasin
  3705 | D:5      | Gained mutation: You have a pair of antennae on your head.
                  | [demonic ancestry]
  3705 | D:5      | Reached XP level 7. HP: 54/54 MP: 7/7
  3742 | D:4      | Gained mutation: You are frail. (-10% HP) [potion of
                  | mutation]
  3742 | D:4      | Gained mutation: You tend to lose your temper in combat.
                  | [potion of mutation]
  3742 | D:4      | Gained mutation: Your muscles are strong. (Str +2) [potion
                  | of mutation]
  3742 | D:4      | Gained mutation: Your flesh is heat resistant. (rF+)
                  | [potion of mutation]
  3744 | D:4      | HP: 3/72 [poisoned by a water moccasin]
  4142 | D:5      | Identified the +5 plate armour of Repulsion {rN+ Str+4
                  | SInv}
  4161 | Temple   | Entered the Ecumenical Temple
  4499 | D:5      | Found an ornate altar of the Wu Jian Council.
  5010 | D:6      | Gained mutation: You have a pair of large antennae on your
                  | head. (SInv) [demonic ancestry]
  5010 | D:6      | Reached XP level 8. HP: 53/54 MP: 8/8
  5056 | D:6      | Reached skill level 6 in Axes
  5209 | D:6      | Reached skill level 1 in Throwing
  5218 | D:6      | Reached skill level 5 in Fighting
  5360 | D:6      | Found a stormy altar of Qazlal.
  5360 | D:6      | Found a shimmering blue altar of Sif Muna.
  5708 | D:6      | Reached *** piety under Trog
  5773 | D:7      | Found Cegg's Antique Armour Emporium.
  5969 | D:7      | Reached skill level 7 in Axes
  5969 | D:7      | Reached skill level 5 in Armour
  6041 | D:7      | Gained mutation: You are partially covered in sharp spines.
                  | [demonic ancestry]
  6041 | D:7      | Reached XP level 9. HP: 61/61 MP: 9/9
  6071 | D:7      | Found a sand-covered staircase.
  6075 | Ossuary  | Entered an ossuary
  6360 | Ossuary  | Reached **** piety under Trog
  6382 | Ossuary  | Lost mutation: You are frail. (-10% HP) [potion of
                  | mutation]
  6382 | Ossuary  | Lost mutation: Your muscles are strong. (Str +2) [potion of
                  | mutation]
  6382 | Ossuary  | Lost mutation: You tend to lose your temper in combat.
                  | [potion of mutation]
  6382 | Ossuary  | Gained mutation: You have sharp toenails. [potion of
                  | mutation]
  6382 | Ossuary  | Gained mutation: You are occasionally teleported next to
                  | monsters. [potion of mutation]
  6383 | Ossuary  | Lost mutation: You have sharp toenails. [potion of
                  | mutation]
  6383 | Ossuary  | Gained mutation: You expend magic power (3 MP) to
                  | strengthen your wands. [potion of mutation]
  6383 | Ossuary  | Gained mutation: Your mind is acute. (Int +2) [potion of
                  | mutation]
  6383 | Ossuary  | Gained mutation: You evolve. [potion of mutation]
  6701 | D:7      | Reached skill level 8 in Axes
  7249 | D:3      | Bought an amulet of reflection for 300 gold pieces
  7334 | D:8      | Found a staircase to the Lair.
  7336 | D:8      | Noticed Psyche
  7336 | D:8      | Noticed Prince Ribbit
  7347 | D:8      | Killed Psyche
  7364 | D:8      | Killed Prince Ribbit
  7683 | D:8      | Noticed Pikel
  7706 | D:8      | Killed Pikel
  7707 | D:8      | Reached skill level 9 in Axes
  7707 | D:8      | Gained mutation: You are mostly covered in sharp spines.
                  | [demonic ancestry]
  7707 | D:8      | Reached XP level 10. HP: 77/77 MP: 10/10
  7711 | D:8      | Gained mutation: You are agile. (Dex +2) [evolution]
  7763 | D:9      | Noticed a two-headed ogre
  7783 | D:9      | Killed a two-headed ogre
  8532 | D:9      | Identified a scroll of acquirement
  8533 | D:9      | Acquired the ring "Lixt" {rElec rC- rN++ Will+++ Int+6}
  8587 | D:9      | Found a sacrificial altar of Ru.
  8589 | D:9      | Found an iron altar of Okawaru.
  8883 | D:9      | Noticed a cyclops
  8891 | D:9      | Killed a cyclops
  8892 | D:9      | Reached skill level 5 in Evocations
  8977 | D:10     | Entered Level 10 of the Dungeon
  8985 | D:10     | Noticed a guardian serpent
  8988 | D:10     | a guardian serpent changed into a komodo dragon
  8994 | D:10     | Reached skill level 1 in Maces & Flails
  9261 | D:10     | Found a portal to a secret trove of treasure.
  9451 | D:10     | Noticed Josephine
  9462 | D:10     | Killed Josephine
  9468 | D:10     | Gained mutation: You regenerate health from kills. [demonic
                  | ancestry]
  9468 | D:10     | Reached XP level 11. HP: 84/84 MP: 11/11
  9833 | D:11     | Found a gate leading to a gauntlet.
  9846 | Gauntlet | Entered a Gauntlet
  9846 | Gauntlet | Found a transporter.
  9846 | Gauntlet | Found a transporter.
  9847 | Gauntlet | Found a transporter.
  9850 | Gauntlet | Found a transporter.
  9850 | Gauntlet | Found a transporter.
  9851 | Gauntlet | Found a transporter.
  9855 | Gauntlet | Noticed a necromancer
  9862 | Gauntlet | Found a transporter.
  9862 | Gauntlet | Found a transporter.
  9866 | Gauntlet | Found a transporter.
  9877 | Gauntlet | Noticed a necromancer
  9884 | Gauntlet | Found a transporter.
  9920 | Gauntlet | Noticed a wizard
  9983 | Gauntlet | Found a transporter.
  9993 | Gauntlet | Found a transporter.
 10071 | Gauntlet | Identified the ring "Nayj" {Fire Contam rElec Dex+10 SInv}
 10085 | Gauntlet | Killed a necromancer
 10186 | Gauntlet | Identified the +9 glaive of Tension {freeze, Int+3}
 10202 | Gauntlet | Noticed a minotaur
 10233 | Gauntlet | Killed a minotaur
 10234 | Gauntlet | Reached skill level 5 in Maces & Flails
 10365 | D:11     | Noticed a centaur warrior
 10378 | D:11     | Killed a centaur warrior
 10444 | D:11     | Noticed a two-headed ogre
 10460 | D:11     | Killed a two-headed ogre
 10701 | D:11     | Noticed a two-headed ogre
 10703 | D:11     | Noticed Maurice
 10710 | D:11     | Killed a two-headed ogre
 10727 | D:11     | Killed Maurice
 10728 | D:11     | Reached XP level 12. HP: 81/92 MP: 12/12
 10775 | D:11     | Found a staircase to the Orcish Mines.
 11309 | Lair:1   | Entered Level 1 of the Lair of Beasts
 11327 | Lair:1   | Noticed a seven-headed hydra
 11338 | Lair:1   | Killed a seven-headed hydra
 11668 | Lair:1   | Noticed a death yak
 11669 | Lair:1   | Noticed a death yak
 11669 | Lair:1   | Noticed a death yak
 11669 | Lair:1   | Noticed a death yak
 11670 | Lair:1   | Noticed a death yak
 11690 | Lair:1   | Killed a death yak
 11699 | Lair:1   | Killed a death yak
 11705 | Lair:1   | Killed a death yak
 11718 | Lair:1   | Killed a death yak
 11723 | Lair:1   | HP: 4/94 [death yak (13)]
 11723 | Lair:1   | Gained mutation: You do not regenerate when monsters are
                  | visible. [evolution]
 11726 | Lair:1   | HP: 1/94 [death yak (17)]
 11726 | Lair:1   | Demolished by a death yak

Illustrated notes

Levels and vault maps discovered:
D:1:      beargit_arrival_greenhouse, layout_basic,
          dilly_ecumenical_altar_fadedgnrine
D:2:      layout_rooms, grunt_decor_cap, minmay_diced_spiral
D:3:      layout_rooms, serial_shops, shop, minmay_divided_ellipse
D:4:      layout_cave_pools, mainiacjoe_overflow_24_doors, gammafunk_ghost_smash
D:5:      layout_cave_pools, general_overflow_altar,
          minmay_temple_entry_stoned_glass, chequers_serial_rivers_large_a
D:6:      layout_rooms, gammafunk_temple_overflow_elements
D:7:      layout_rooms, nicolae_ossuary_entry_false_entrances, serial_shops,
          nicolae_shop_waterfront, mumra_transporter_accident
D:8:      layout_loops_cross, dpeg_oklobed_lair, uniq_psyche,
          uniq_prince_ribbit1, uniq_pikel
D:9:      layout_roguey, mainiacjoe_overflow_divided_tiny
D:10:     layout_small_grid, enter_trove_1, uniq_josephine
D:11:     layout_basic, orc_0_dummy, gauntlet_entry_generic, uniq_maurice
Temple:   regret_index_temple_sphere_string
Lair:1:   layout_gridlike, grunt_megastairs_5

Skill      XL: |  1  2  3  4  5  6  7  8  9 10 11 12 |
---------------+-------------------------------------+-----
Axes           | 3 4 5 7 9 |  9.8
Armour         | 2 3 4 5 6 7 8 |  8.9
Dodging        | 2 |  2.9
Evocations     | 1 2 4 5 7 8 |  8.1
Fighting       | 4 5 6 7 8 |  8.5
Shields        | 1 2 3 4 |  4.0
Throwing       | 1 2 3 |  3.7
Maces & Flails | 3 6 7 |  7.6

Action                   |  1- 3 |  4- 6 |  7- 9 | 10-12 || total
-------------------------+-------+-------+-------+-------++-------
Melee: Hand axe          |   131 |   130 |   464 |    43 ||   768
       Whip              |       |       |       |   355 ||   355
Throw: Stone             |       |     5 |     1 |       ||     6
       Boomerang         |       |       |    12 |       ||    12
       Dart              |       |       |    23 |    18 ||    41
       Javelin           |       |       |       |     3 ||     3
Invok: Berserk           |     5 |     4 |     9 |    10 ||    28
       Trog's Hand       |       |       |     4 |     2 ||     6
       Brothers in Arms  |       |       |       |     2 ||     2
Evoke: Wand              |       |       |     2 |     1 ||     3
  Use: Potion            |       |       |    14 |     2 ||    16
       Scroll            |       |       |     9 |     5 ||    14
Armor: Scale mail        |    17 |       |       |       ||    17
       Chain mail        |    69 |    79 |    36 |       ||   184
       Skin              |       |       |    53 |       ||    53
       Plate armour      |       |       |   247 |   159 ||   406
Dodge: Dodged            |    48 |    50 |   149 |    80 ||   327
Block: Buckler           |       |     8 |   128 |   154 ||   290
       Reflection        |       |       |     1 |     3 ||     4
